 Dungeon Crawl Stone Soup version 0.30.0-5-g1a98f26d00 (webtiles) character file.

Game seed: 17958172077638270340

365 Esekla the Slasher (level 6, -3/47 HPs)
             Began as a Barachi Wanderer on May 8, 2023.
             Was an Initiate of Ashenzari.
             Slain by an ogre
             ... wielding a +0 giant spiked club
              (30 damage)
             ... on level 4 of the Dungeon on May 9, 2023.
             The game lasted 00:25:54 (3280 turns).

Esekla the Slasher (Barachi Wanderer)               Turns: 3280, Time: 00:25:55

Health: -3/47      AC:  4    Str: 15    XL:     6   Next: 68%
Magic:  9/9        EV: 12    Int: 12    God:    Ashenzari [......]
Gold:   112        SH:  0    Dex: 12    Spells: 9/9 levels left

rFire   . . .        a - +2 falchion
rCold   . . .        (no shield)
rNeg    . . .        e - +0 leather armour
rPois   .            c - +0 helmet
rElec   .            (no cloak)
rCorr   .            (no gloves)
SInv    .            (no boots)
Will    .....        (no amulet)
Stlth   +            (no ring)
HPRegen 0.27/turn    (no ring)
MPRegen 0.11/turn

%: no passive effects
@: unable to hop, slow
A: amphibious, slowness 1, strong legs 1, +LOS
a: Hop, Renounce Religion


You were on level 4 of the Dungeon.
You worshipped Ashenzari.
Ashenzari was noncommittal.
You visited 2 branches of the dungeon, and saw 5 of its levels.

You collected 112 gold pieces.

Inventory:

Hand Weapons
 a - a +2 falchion (weapon)
 b - a +0 dagger
 i - a +0 spear
 n - the +8 quarterstaff of Axzung {protect, rPois Will+ Int+2 Dex+3}
   (You found it on level 2 of the Dungeon)

   Int:       It affects your intelligence (+2).
   Dex:       It affects your dexterity (+3).
   rPois:     It protects you from poison.
   Will:      It increases your willpower.
Missiles
 j - 4 poisoned darts (quivered)
Armour
 c - a +0 helmet (worn)
 e - a +0 leather armour (worn)
Scrolls
 f - a scroll of fear {unknown}
 h - a scroll of teleportation {unknown}
 k - a scroll of magic mapping {unknown}
 l - a scroll of identify {unknown}
 p - a scroll of enchant armour {unknown}
 q - a scroll of immolation {unknown}
Potions
 d - a potion of attraction
 g - a potion of flight {unknown}
 m - 2 potions of heal wounds {unknown}
 o - a potion of lignification {unknown}
 r - 3 potions of curing
 s - a potion of degeneration {unknown}
 t - a potion of resistance {unknown}
 u - a potion of brilliance {unknown}
 v - a potion of might {unknown}


   Skills:
 * Level 3.1 Fighting
 * Level 6.3 Long Blades
 - Level 2.1 Axes
 + Level 0.1 Throwing
 * Level 2.6 Armour
 + Level 4.2 Dodging
 + Level 0.5 Stealth
 * Level 2.2 Spellcasting


You had 9 spell levels left.
You didn't know any spells.
Your spell library contained the following spells:

 Spells                   Type           Power      Damage    Failure   Level
 Ozocubu's Armour         Ice            1%         N/A       69%         3
 Metabolic Englaciation   Hex/Ice        0%         N/A       100%        5
 Simulacrum               Ice/Necr       0%         N/A       100%        6


Dungeon Overview and Level Annotations

Branches:
Dungeon (4/15)             Temple (1/1) D:4

Altars:
Ashenzari
Gozag
Makhleb
Nemelex Xobeh
Okawaru
Qazlal
Trog
Xom


Innate Abilities, Weirdness & Mutations

You are amphibious.
You cover ground slowly.
You can hop short distances.
You have an extended range of vision and can be seen from far away.


Message History

You start resting.
HP restored.
An endoplasm comes into view.
The endoplasm quivers.
You slash the endoplasm!
You kill the endoplasm!
Found a blackened cameo amulet.
You see here an amulet of faith.
You see here an amulet of faith.
An ogre comes into view. It is wielding a +0 giant spiked club.
The ogre shouts!
The ogre moves out of view.
You barely miss the ogre.
The ogre hits you with a +0 giant spiked club!!
Okay, then.
Hop to where?
Press: ? - help, Dir - move target Boing!
Throw: 6 darts (poison)
Press: ? - help, Q - select action, (/) - cycle Shift-Dir - straight line, f - ogre
Aim: an ogre, wielding a +0 giant spiked club (73% to hit)
You throw a poisoned dart. The poisoned dart hits the ogre.
The ogre is poisoned.
Throw: 5 darts (poison)
Press: ? - help, Q - select action, (/) - cycle Shift-Dir - straight line, f/p - ogre
Aim: an ogre, wielding a +0 giant spiked club (sparse dust, poisoned, 73% to hit)
You throw a poisoned dart. The poisoned dart hits the ogre.
The ogre looks even sicker.
You slash the ogre!
The ogre is moderately wounded.
The ogre closely misses you.
Okay, then.
Unknown command.
You hit the ogre.
The ogre is heavily wounded.
You slash the ogre!
The ogre is severely wounded.
The ogre hits you with a +0 giant spiked club!!
Ouch! That really hurt!
You die...

##########
#.(O@....#
#(######.#
#####.#####
#.........#
#.###.###.....
### #.# ...# #.#
..## #.# ....#
##.######.##...##
....".....###...


You could see an ogre (very poisoned).

Vanquished Creatures
  2 scorpions (D:4)
  A hound (D:4)
  An iguana (D:2)
  3 gnolls (D:3)
  5 adders
  A worm (D:3)
  2 dart slugs (D:1)
  An orc (D:4)
  10 endoplasms
  5 giant cockroaches
  9 goblins
  9 hobgoblins
  4 jackals (D:1)
  10 kobolds
  2 quokkas
  6 ball pythons
  6 bats
  5 frilled lizards
  24 rats
106 creatures vanquished.

Notes
Turn   | Place    | Note
-------+----------+-------------------------------------------
     0 | D:1      | Esekla the Barachi Wanderer began the quest for the Orb.
     0 | D:1      | Esekla set off with the following items: a +2 falchion, a
                  | +0 hand axe, a +0 helmet, a potion of attraction, a +0
                  | leather armour.
     0 | D:1      | Reached XP level 1. HP: 15/15 MP: 2/2
   125 | D:1      | Reached skill level 4 in Long Blades
   125 | D:1      | Reached XP level 2. HP: 15/21 MP: 3/3
   341 | D:1      | Reached skill level 1 in Armour
   344 | D:1      | Reached XP level 3. HP: 26/27 MP: 5/5
  1058 | D:2      | Reached XP level 4. HP: 33/33 MP: 6/6
  1367 | D:2      | Reached skill level 5 in Long Blades
  1560 | D:2      | Identified the +8 quarterstaff of Axzung {protect, rPois
                  | Will+ Int+2 Dex+3}
  1786 | D:3      | Reached XP level 5. HP: 38/38 MP: 7/7
  1853 | D:3      | Found an opulent altar of Gozag.
  2195 | D:3      | Found a burning altar of Makhleb.
  2547 | D:4      | Found a staircase to the Ecumenical Temple.
  2557 | Temple   | Entered the Ecumenical Temple
  2569 | Temple   | Became a worshipper of Ashenzari the Shackled
  2608 | D:4      | Reached XP level 6. HP: 33/46 MP: 8/8
  2742 | D:4      | Reached skill level 6 in Long Blades
  3280 | D:4      | Slain by an ogre

Illustrated notes

Levels and vault maps discovered:
D:1:      scummos_arrival_simple_crosswalls, layout_loops_ring
D:2:      layout_loops_corners
D:3:      layout_basic, mainiacjoe_overflow_small_starburst,
          mainiacjoe_overflow_paths, kennysheep_crisscross, minmay_rat_hole
D:4:      layout_loops_corners, grunt_temple_overflow_magic_moments,
          amcnicky_altar_gilded, minmay_temple_entry_mini_moons,
          minmay_shop_grid_forest
Temple:   nicolae_temple_stand_before_the_council

Skill      XL: |  1  2  3  4  5  6 |
---------------+-------------------+-----
Long Blades    | 4 5 6 |  6.3
Armour         | 1 2 |  2.6
Fighting       | 2 3 |  3.1
Dodging        | 4 |  4.2
Spellcasting   | 2 |  2.2
Axes           | |  2.1
Throwing       | |  0.1
Stealth        | |  0.5

Action                     |  1- 3 |  4- 6 || total
---------------------------+-------+-------++-------
  Melee: Falchion          |   118 |   206 ||   324
         Punch             |     2 |     3 ||     5
  Throw: Dart              |       |    11 ||    11
Ability: Hop               |       |     1 ||     1
    Use: Potion            |       |     1 ||     1
 Armour: Leather armour    |    36 |    49 ||    85
  Dodge: Dodged            |    68 |    90 ||   158
